[ AOE2 MATCH · #506070043 ]
UnrankedMagyars vs Tupi
Player's team · LOSS
Rival team · WIN
[ REPLAY ANALYSIS · EXTRACTED FROM THE RECORDED GAME ]
Feudal
9:57
Castle
22:47
Imperial
38:49
| APM avg | 43.0 |
| APM peak | 80 |
| eAPM avg | 17.3 |
| Villagers / military | 146 / 194 |
Focus
⚔️ 34.3% · 🌾 65.7%
Skirmisher ×59 · Cavalry Archer ×53 · Knight ×48 · Militia ×21 · Scout Cavalry ×13
Feudal
11:34
Castle
21:02
Imperial
36:08
| APM avg | 35.3 |
| APM peak | 73 |
| eAPM avg | 19.0 |
| Villagers / military | 156 / 34 |
Focus
⚔️ 43.4% · 🌾 56.6%
Unknown (2579) ×78 · Unknown (2550) ×60 · Spearman ×30 · Unknown (2582) ×3 · Monk ×2 · Trebuchet (Packed) ×2
Match map
Initial resources + every placement click. Lines = walls · curves = elevation contours. ◆ gold · ⬟ stone · ● berries · ✦ relic · ◌ wall gap
Your base· ✓ Closed at 22:47 · 15t walls · 1 gate(s)
Jhoonas's base· Open — opponent sealed themselves in
Smoothed initial terrain · ◌ = detected wall gap · hover for details
Inputs per minute
— theanswer5 - - Jhoonas
Build order — theanswer5
First 150 of 483 actions detected
| 0:02 | Queue | Villager (Male) |
| 0:03 | Queue | Villager (Male) |
| 0:03 | Queue | Villager (Male) |
| 0:05 | Build | House |
| 0:06 | Build | House |
| 0:55 | Queue | Villager (Male) |
| 0:55 | Queue | Villager (Male) |
| 1:37 | Queue | Villager (Male) |
| 1:37 | Queue | Villager (Male) |
| 1:48 | Build | Lumber Camp |
| 1:57 | Queue | Villager (Male) |
| 2:27 | Queue | Villager (Male) |
| 2:27 | Queue | Villager (Male) |
| 2:57 | Queue | Villager (Male) |
| 3:19 | Queue | Villager (Male) |
| 3:26 | Build | House |
| 3:42 | Queue | Villager (Male) |
| 3:43 | Queue | Villager (Male) |
| 4:10 | Queue | Villager (Male) |
| 4:10 | Queue | Villager (Male) |
| 4:32 | Build | Mining Camp |
| 4:37 | Queue | Villager (Male) |
| 5:05 | Queue | Villager (Male) |
| 5:05 | Queue | Villager (Male) |
| 5:13 | Build | Palisade Wall |
| 5:17 | Build | Palisade Wall |
| 5:29 | Queue | Villager (Male) |
| 5:29 | Queue | Villager (Male) |
| 5:51 | Research | Loom |
| 6:01 | Build | House |
| 6:08 | Queue | Villager (Male) |
| 6:38 | Build | Barracks |
| 6:45 | Queue | Villager (Male) |
| 6:45 | Queue | Villager (Male) |
| 7:35 | Build | House |
| 7:47 | Research | Feudal Age |
| 7:47 | Research | Feudal Age |
| 8:06 | Queue | Militia |
| 8:06 | Queue | Militia |
| 8:11 | Build | Palisade Wall |
| 8:25 | Queue | Militia |
| 8:25 | Queue | Militia |
| 8:37 | Build | Mill |
| 8:41 | Queue | Militia |
| 8:50 | Build | House |
| 8:59 | Queue | Militia |
| 9:25 | Build | Palisade Wall |
| 9:29 | Build | Palisade Gate |
| 9:57 | Age | Feudal Age |
| 10:05 | Research | Man-at-Arms (upgrade) |
| 10:06 | Queue | Villager (Male) |
| 10:06 | Queue | Villager (Male) |
| 10:29 | Research | Double-Bit Axe |
| 10:29 | Research | Double-Bit Axe |
| 10:44 | Queue | Villager (Male) |
| 10:52 | Queue | Militia |
| 11:04 | Queue | Villager (Male) |
| 11:28 | Build | House |
| 11:31 | Queue | Villager (Male) |
| 11:42 | Queue | Militia |
| 11:42 | Queue | Militia |
| 11:56 | Queue | Villager (Male) |
| 12:02 | Build | Blacksmith |
| 12:15 | Queue | Villager (Male) |
| 12:27 | Queue | Militia |
| 12:43 | Queue | Villager (Male) |
| 12:44 | Queue | Villager (Male) |
| 12:47 | Build | House |
| 13:13 | Build | Farm |
| 13:14 | Build | Farm |
| 13:15 | Build | Farm |
| 13:16 | Build | Farm |
| 13:23 | Build | House |
| 13:35 | Queue | Villager (Male) |
| 13:37 | Queue | Militia |
| 13:38 | Queue | Militia |
| 14:11 | Queue | Villager (Male) |
| 14:12 | Queue | Militia |
| 14:25 | Build | Farm |
| 14:25 | Build | Farm |
| 14:28 | Queue | Villager (Male) |
| 14:32 | Queue | Militia |
| 14:48 | Build | Farm |
| 14:57 | Research | Scale Mail Armor |
| 15:04 | Build | Palisade Wall |
| 15:16 | Queue | Villager (Male) |
| 15:17 | Queue | Villager (Male) |
| 15:32 | Queue | Villager (Male) |
| 15:36 | Build | Farm |
| 15:43 | Build | Barracks |
| 15:49 | Build | Palisade Wall |
| 16:08 | Queue | Villager (Male) |
| 16:25 | Build | Farm |
| 16:28 | Build | Farm |
| 16:32 | Queue | Militia |
| 16:32 | Queue | Militia |
| 16:36 | Queue | Militia |
| 16:38 | Queue | Villager (Male) |
| 16:38 | Queue | Villager (Male) |
| 16:55 | Build | Market |
| 17:22 | Build | Palisade Wall |
| 17:30 | Queue | Villager (Male) |
| 17:31 | Queue | Villager (Male) |
| 17:44 | Build | House |
| 17:50 | Queue | Militia |
| 17:50 | Queue | Militia |
| 17:52 | Queue | Militia |
| 17:52 | Queue | Militia |
| 17:59 | Build | Farm |
| 18:03 | Build | Farm |
| 18:09 | Build | House |
| 18:10 | Build | House |
| 18:32 | Queue | Villager (Male) |
| 19:02 | Queue | Villager (Male) |
| 19:19 | Build | House |
| 19:43 | Build | Mining Camp |
| 19:56 | Build | Archery Range |
| 20:07 | Research | Castle Age |
| 20:07 | Research | Castle Age |
| 20:25 | Research | Horse Collar |
| 20:25 | Research | Horse Collar |
| 20:44 | Research | Fletching |
| 20:53 | Build | Archery Range |
| 21:20 | Research | Padded Archer Armor |
| 21:36 | Build | House |
| 21:37 | Build | House |
| 21:50 | Queue | Villager (Male) |
| 21:54 | Build | Lumber Camp |
| 22:00 | Research | Gold Mining |
| 22:01 | Research | Gold Mining |
| 22:23 | Research | Arson |
| 22:47 | Age | Castle Age |
| 22:55 | Queue | Villager (Male) |
| 23:01 | Build | Town Center |
| 23:09 | Queue | Cavalry Archer |
| 23:09 | Queue | Cavalry Archer |
| 23:10 | Queue | Cavalry Archer |
| 23:10 | Queue | Cavalry Archer |
| 23:11 | Queue | Cavalry Archer |
| 23:25 | Research | Bodkin Arrow |
| 23:42 | Queue | Villager (Male) |
| 23:42 | Queue | Villager (Male) |
| 23:49 | Queue | Cavalry Archer |
| 23:51 | Queue | Cavalry Archer |
| 24:16 | Build | Stable |
| 24:21 | Research | Wheelbarrow |
| 24:33 | Queue | Villager (Male) |
| 24:34 | Queue | Villager (Male) |
| 24:37 | Queue | Cavalry Archer |
| 24:37 | Queue | Cavalry Archer |
Build order — Jhoonas
First 150 of 440 actions detected
| 0:00 | Queue | Villager (Male) |
| 0:01 | Queue | Villager (Male) |
| 0:01 | Queue | Villager (Male) |
| 0:01 | Queue | Villager (Male) |
| 0:03 | Build | House |
| 0:05 | Build | House |
| 1:24 | Queue | Villager (Male) |
| 1:47 | Queue | Villager (Male) |
| 1:59 | Queue | Villager (Male) |
| 2:05 | Build | Settlement |
| 2:23 | Queue | Villager (Male) |
| 3:12 | Queue | Villager (Male) |
| 3:25 | Queue | Villager (Male) |
| 3:36 | Queue | Villager (Male) |
| 4:29 | Queue | Villager (Male) |
| 4:29 | Queue | Villager (Male) |
| 4:47 | Build | Barracks |
| 4:51 | Queue | Villager (Male) |
| 5:33 | Research | Loom |
| 5:37 | Build | House |
| 5:58 | Queue | Villager (Male) |
| 6:08 | Queue | Unit 2550 |
| 6:14 | Build | Settlement |
| 6:20 | Queue | Villager (Male) |
| 6:35 | Queue | Unit 2550 |
| 6:56 | Queue | Villager (Male) |
| 7:02 | Queue | Unit 2550 |
| 7:24 | Queue | Villager (Male) |
| 7:27 | Build | Settlement |
| 7:37 | Queue | Unit 2550 |
| 7:41 | Queue | Villager (Male) |
| 8:26 | Queue | Villager (Male) |
| 8:27 | Queue | Villager (Male) |
| 9:24 | Research | Feudal Age |
| 10:46 | Queue | Unit 2550 |
| 10:46 | Queue | Unit 2550 |
| 10:51 | Build | Barracks |
| 10:57 | Build | Palisade Wall |
| 11:25 | Build | Palisade Wall |
| 11:27 | Build | Palisade Wall |
| 11:28 | Build | Palisade Wall |
| 11:32 | Build | Palisade Wall |
| 11:34 | Build | Palisade Wall |
| 11:34 | Age | Feudal Age |
| 11:38 | Build | Palisade Wall |
| 11:39 | Build | Palisade Wall |
| 11:40 | Build | Palisade Wall |
| 11:41 | Build | Palisade Wall |
| 11:45 | Research | Tech 1402 |
| 11:49 | Build | Blacksmith |
| 11:50 | Queue | Villager (Male) |
| 11:50 | Queue | Villager (Male) |
| 11:53 | Research | Double-Bit Axe |
| 11:56 | Research | Horse Collar |
| 12:01 | Build | Palisade Wall |
| 12:04 | Build | Palisade Wall |
| 12:16 | Build | Farm |
| 12:17 | Queue | Villager (Male) |
| 12:26 | Queue | Unit 2550 |
| 12:28 | Queue | Unit 2550 |
| 12:54 | Build | House |
| 12:57 | Research | Scale Mail Armor |
| 13:02 | Build | Farm |
| 13:03 | Queue | Villager (Male) |
| 13:29 | Build | Farm |
| 13:30 | Queue | Villager (Male) |
| 13:34 | Build | House |
| 13:52 | Queue | Villager (Male) |
| 14:12 | Queue | Villager (Male) |
| 14:18 | Build | Palisade Wall |
| 14:20 | Build | Palisade Wall |
| 14:32 | Queue | Villager (Male) |
| 14:34 | Build | Farm |
| 14:38 | Build | Farm |
| 14:42 | Build | Farm |
| 14:46 | Build | Farm |
| 14:53 | Build | Palisade Wall |
| 14:58 | Research | Arson |
| 15:03 | Research | Forging |
| 15:04 | Queue | Villager (Male) |
| 15:11 | Build | Farm |
| 15:14 | Build | Farm |
| 15:16 | Build | Farm |
| 15:20 | Build | Farm |
| 15:24 | Queue | Villager (Male) |
| 15:44 | Queue | Villager (Male) |
| 16:05 | Queue | Villager (Male) |
| 16:09 | Build | Farm |
| 16:12 | Build | Farm |
| 16:23 | Build | Settlement |
| 16:33 | Queue | Villager (Male) |
| 16:35 | Build | Farm |
| 17:07 | Queue | Villager (Male) |
| 17:13 | Build | Market |
| 17:21 | Queue | Unit 2550 |
| 17:21 | Queue | Unit 2550 |
| 17:48 | Build | Palisade Wall |
| 17:50 | Build | Palisade Wall |
| 17:51 | Build | Palisade Wall |
| 17:52 | Build | Palisade Wall |
| 17:54 | Build | Palisade Wall |
| 17:57 | Build | Palisade Wall |
| 18:00 | Build | Palisade Wall |
| 18:22 | Research | Castle Age |
| 18:37 | Research | Fletching |
| 18:42 | Build | Palisade Wall |
| 18:45 | Build | Palisade Wall |
| 18:49 | Build | Palisade Wall |
| 18:54 | Build | Palisade Wall |
| 19:09 | Build | Watch Tower |
| 19:25 | Research | Forging |
| 19:35 | Queue | Unit 2550 |
| 19:36 | Queue | Unit 2550 |
| 19:45 | Build | House |
| 19:49 | Research | Stone Mining |
| 19:53 | Queue | Villager (Male) |
| 19:53 | Queue | Villager (Male) |
| 21:02 | Age | Castle Age |
| 21:11 | Research | Tech 1351 |
| 21:14 | Queue | Villager (Male) |
| 21:17 | Queue | Unit 2582 |
| 21:18 | Queue | Unit 2582 |
| 21:38 | Queue | Villager (Male) |
| 22:01 | Queue | Villager (Male) |
| 22:06 | Queue | Unit 2582 |
| 22:08 | Research | Squires |
| 22:10 | Queue | Villager (Male) |
| 22:50 | Queue | Villager (Male) |
| 23:01 | Queue | Villager (Male) |
| 23:13 | Queue | Villager (Male) |
| 23:13 | Queue | Villager (Male) |
| 23:29 | Research | Bow Saw |
| 23:32 | Research | Wheelbarrow |
| 23:34 | Research | Town Watch |
| 24:04 | Build | Castle |
| 24:04 | Build | Settlement |
| 24:19 | Research | Bodkin Arrow |
| 24:38 | Queue | Villager (Male) |
| 24:44 | Build | University |
| 24:50 | Build | Settlement |
| 24:52 | Build | Settlement |
| 24:56 | Build | Settlement |
| 25:03 | Queue | Unit 2579 |
| 25:03 | Queue | Unit 2579 |
| 25:03 | Queue | Unit 2579 |
| 25:04 | Queue | Villager (Male) |
| 25:21 | Queue | Unit 2579 |
| 25:23 | Queue | Villager (Male) |
| 25:43 | Research | Ballistics |
| 25:47 | Research | Gold Mining |
Match timeline
| 4:47 | Jhoonas · first_building Barracks |
| 5:13 | theanswer5 · wall_segment Palisade Wall x1 |
| 5:17 | theanswer5 · wall_segment Palisade Wall x1 |
| 6:38 | theanswer5 · first_building Barracks |
| 8:11 | theanswer5 · wall_segment Palisade Wall x3 |
| 9:25 | theanswer5 · wall_segment Palisade Wall x9 |
| 9:57 | theanswer5 · age_up feudal |
| 10:57 | Jhoonas · wall_segment Palisade Wall x1 |
| 11:25 | Jhoonas · wall_segment Palisade Wall x2 |
| 11:27 | Jhoonas · wall_segment Palisade Wall x4 |
| 11:28 | Jhoonas · wall_segment Palisade Wall x1 |
| 11:32 | Jhoonas · wall_segment Palisade Wall x2 |
| 11:34 | Jhoonas · wall_segment Palisade Wall x1 |
| 11:34 | Jhoonas · age_up feudal |
| 11:38 | Jhoonas · wall_segment Palisade Wall x1 |
| 11:39 | Jhoonas · wall_segment Palisade Wall x1 |
| 11:40 | Jhoonas · wall_segment Palisade Wall x1 |
| 11:41 | Jhoonas · wall_segment Palisade Wall x1 |
| 12:01 | Jhoonas · wall_segment Palisade Wall x1 |
| 12:04 | Jhoonas · wall_segment Palisade Wall x1 |
| 14:18 | Jhoonas · wall_segment Palisade Wall x1 |
| 14:20 | Jhoonas · wall_segment Palisade Wall x1 |
| 14:53 | Jhoonas · wall_segment Palisade Wall x1 |
| 15:04 | theanswer5 · wall_segment Palisade Wall x1 |
| 15:49 | theanswer5 · wall_segment Palisade Wall x1 |
| 17:22 | theanswer5 · wall_segment Palisade Wall x1 |
| 17:40 | theanswer5 · first_market_buy 100 food |
| 17:48 | Jhoonas · wall_segment Palisade Wall x1 |
| 17:50 | Jhoonas · wall_segment Palisade Wall x1 |
| 17:51 | Jhoonas · wall_segment Palisade Wall x1 |
| 17:52 | Jhoonas · wall_segment Palisade Wall x1 |
| 17:54 | Jhoonas · wall_segment Palisade Wall x1 |
| 17:57 | Jhoonas · wall_segment Palisade Wall x4 |
| 18:00 | Jhoonas · wall_segment Palisade Wall x1 |
| 18:42 | Jhoonas · wall_segment Palisade Wall x1 |
| 18:45 | Jhoonas · wall_segment Palisade Wall x1 |
| 18:49 | Jhoonas · wall_segment Palisade Wall x1 |
| 18:54 | Jhoonas · wall_segment Palisade Wall x1 |
| 19:56 | theanswer5 · first_building Archery Range |
| 21:02 | Jhoonas · age_up castle |
| 21:16 | Jhoonas · first_market_sell 100 wood |
| 22:47 | theanswer5 · age_up castle |
| 23:55 | Jhoonas · first_market_buy 100 stone |
| 24:04 | Jhoonas · first_building Castle |
| 24:16 | theanswer5 · first_building Stable |
| 27:10 | Jhoonas · first_building Monastery |
| 35:10 | theanswer5 · first_building Monastery |
| 36:08 | Jhoonas · age_up imperial |
| 38:49 | theanswer5 · age_up imperial |
| 43:15 | theanswer5 · first_building Castle |
| 49:30 | theanswer5 · first_building Siege Workshop |
| 51:38 | theanswer5 · resign |
[ AI ANALYSIS · 1 CREDIT ]
What really happened in this match?
Wolo.gg analyzes every decision: build order, eco, micro, common mistakes by bracket. Personalized analysis on WhatsApp or Discord in 30 seconds.
Civ guide
Magyars
Perfil
Jugador #16931029